 Dungeon Crawl Stone Soup version 0.17.2-1-ge4368a0 (webtiles) character file.

632 hexophile the Skirmisher (level 7, -1/70 HPs)
             Began as a Naga Wizard on Aug 20, 2018.
             Was a Believer of Lugonu.
             Slain by a killer bee (8 damage)
             ... on level 5 of the Dungeon on May 15, 2019.
             The game lasted 00:15:19 (7215 turns).

hexophile the Skirmisher (Naga Wizard)              Turns: 7215, Time: 00:15:20

Health: -1/70      AC:  6    Str: 10    XL:     7   Next: 49%
Magic:  3/11       EV: 13    Int: 23    God:    Lugonu [**....]
Gold:   234        SH:  0    Dex: 11    Spells: 1 memorised, 11 levels left

rFire  + + +     SeeInvis +     f - +1 dagger (vamp)
rCold  . . .     Clarity  .     g - +0 ring mail of Spite {rF+++ rC- Int+4 Dex-4} (curse)
rNeg   . . .     SustAt   .     (no shield)
rPois  +         Gourm    .     h - +0 helmet
rElec  .         Spirit   .     (no cloak)
rCorr  .         Warding  .     (no gloves)
rMut   .         Stasis   .     (no barding)
MR     .....                    (no amulet)
Stlth  +++.......               s - +5 ring of protection
                                k - ring of protection from cold {rC+}

@: agile, corroded equipment, very slow, not resistant to hostile enchantments,
fairly stealthy
A: see invisible, deformed body, poison resistance, slowness 2, slow metabolism
1, spit poison 2, AC +2
a: Spit Poison, Depart the Abyss, Bend Space, Renounce Religion


You were on level 5 of the Dungeon.
You worshipped Lugonu.
Lugonu was pleased with you.
You were hungry.

You visited 1 branch of the dungeon, and saw 6 of its levels.

You collected 234 gold pieces.


Innate Abilities, Weirdness & Mutations

You cannot wear boots.
Your serpentine skin is tough (AC +2).
You have supernaturally acute eyesight.
Armour fits poorly on your strangely shaped body.
Your system is resistant to poisons.
You cover ground very slowly.
You have a slow metabolism.
You can spit poison.

Inventory:

Hand Weapons
 f - a +1 vampiric dagger (weapon)
Armour
 a - a +0 robe
 b - a +0 chain mail
 g - the cursed +0 ring mail of Spite (worn) {rF+++ rC- Int+4 Dex-4}
   (You found it on level 5 of the Dungeon)

   It affects your intelligence (+4).
   It affects your dexterity (-4).
   It renders you almost immune to fire.
   It makes you vulnerable to cold.
   It has a curse placed upon it.
 h - a +0 helmet (worn)
Jewellery
 k - a ring of protection from cold (left hand) {rC+}
 s - a +5 ring of protection (right hand)
Scrolls
 e - 2 scrolls of remove curse (quivered)
Books
 c - a book of Minor Magic

   Spells                             Type                      Level
   a - Magic Dart                     Conjuration                  1
   b - Blink                          Translocation                2
   c - Call Imp                       Summoning                    2
   d - Repel Missiles                 Charms/Air                   2
   e - Slow                           Hexes                        2
   f - Conjure Flame                  Conjuration/Fire             3
   g - Mephitic Cloud                 Conjuration/Poison/Air       3
Comestibles
 i - 3 fruits
 w - a beef jerky


You had 11 spell levels left.
You knew the following spells:

 Your Spells              Type           Power        Failure   Level  Hunger
a - Magic Dart            Conj           #...         21%         1    None


   Skills:
 + Level 6.5 Fighting
 - Level 2.0 Short Blades
 - Level 1.5 Dodging
 - Level 3.0 Stealth
 - Level 3.0 Spellcasting
 - Level 1.0 Conjurations
   Level 1.0 Summonings
   Level 1.0 Translocations
 + Level 3.5 Invocations

Dungeon Overview and Level Annotations

Branches:
Dungeon (6/15)
 Temple: D:4-7

Altars:
Lugonu

Annotations:
D:4 Sigmund

Vault maps used:
D:1:      lemuel_arrival_behind_the_door_small
D:2:      ecumenical_altar_1, kennysheep_small_spiral, kennysheep_generic_room_9
D:4:      minmay_misc_feat_hallway, grunt_dithmenos_shadows, uniq_sigmund
D:5:      first_bread
D:6:      lemuel_upstairs_altar, basic_altar
You       could see 2 killer bees and a quokka.


Message History

You lost 3 HP.
You have now: 26/70 HP.
Press: ? - help, Shift-Dir - straight line, f - jelly
Aim: a jelly (lightly wounded, chance to defeat MR: 76%)
The jelly is devoured by a tear in reality.
Lugonu claims a new guest.
You are feeling hungry.
The killer bee barely misses you.
The crimson imp moves out of view.
The killer bee closely misses you. The killer bee barely misses you.
You miss the killer bee. The killer bee barely misses you.
The killer bee stings you.
* * * LOW HITPOINT WARNING * * *
You lost 5 HP.
You have now: 21/70 HP.
Press: ? - help, Shift-Dir - straight line, f - killer bee
Aim: a killer bee (translocational energy, chance to defeat MR: 76%)
The killer bee is devoured by a tear in reality.
Lugonu claims a new guest.
You feel somewhat more hungry.
You can no longer banish your foes.
The killer bee stings you!
* * * LOW HITPOINT WARNING * * *
The killer bee barely misses you.
You lost 8 HP.
You have now: 13/70 HP.
Okay, then.
Unknown command.
Unknown command.
You barely miss the killer bee. The killer bee stings you.
* * * LOW HITPOINT WARNING * * *
The killer bee stings you.
* * * LOW HITPOINT WARNING * * *
The quokka bites you but does no damage.
You lost 5 HP.
You have now: 8/70 HP.
Unknown command.
Drink which item? (? for menu, Esc to quit)
Okay, then.
Drink which item? (? for menu, Esc to quit)
Okay, then.
Unknown command.
Drink which item? (? for menu, Esc to quit)
You feel agile all of a sudden. The killer bee stings you.
* * * LOW HITPOINT WARNING * * *
The killer bee completely misses you. The quokka barely misses you.
You lost 1 HP.
You have now: 7/70 HP.
Unknown command.
You hit the killer bee but do no damage.
The killer bee closely misses you. The killer bee misses you.
The quokka barely misses you.
Unknown command.
You barely miss the killer bee. The killer bee stings you!
You die...

Action                   |  1- 3 |  4- 6 |  7- 9 || total
-------------------------+-------+-------+-------++-------
Melee: Unarmed           |    39 |   114 |       ||   153
       Dagger            |       |     5 |   183 ||   188
 Cast: Magic Dart        |    56 |   160 |       ||   216
Invok: Banish            |       |     3 |     5 ||     8
       Bend Space        |       |     1 |     2 ||     3
 Abil: Spit Poison       |    29 |    49 |     2 ||    80
  Use: Potion            |       |     8 |     5 ||    13
       Scroll            |       |     7 |     1 ||     8
  Eat: Chunk             |     4 |    11 |     3 ||    18
       Fruit             |       |     4 |       ||     4
       Bread ration      |       |       |     1 ||     1

Notes
Turn   | Place    | Note
--------------------------------------------------------------
     0 | D:1      | hexophile the Naga Wizard began the quest for the Orb.
     0 | D:1      | Reached XP level 1. HP: 15/15 MP: 4/4
   182 | D:1      | Reached skill level 1 in Fighting
   374 | D:1      | Reached XP level 2. HP: 24/26 MP: 1/6
   468 | D:1      | Reached skill level 2 in Fighting
   528 | D:1      | Reached XP level 3. HP: 20/33 MP: 3/7
  1605 | D:1      | Reached skill level 3 in Fighting
  2311 | D:2      | Reached XP level 4. HP: 39/42 MP: 2/8
  2679 | D:2      | Found a faded altar to an unknown god.
  2794 | D:2      | Became a worshipper of Lugonu the Unformed
  2794 | D:2      | Reached * piety under Lugonu
  2794 | D:2      | Reached ** piety under Lugonu
  3066 | D:2      | Reached skill level 4 in Fighting
  3572 | D:3      | Reached XP level 5. HP: 51/51 MP: 7/9
  4002 | D:3      | Reached *** piety under Lugonu
  4480 | D:3      | Reached skill level 5 in Fighting
  5019 | D:4      | Reached XP level 6. HP: 52/61 MP: 1/10
  5346 | D:4      | Noticed Sigmund
  5423 | D:4      | Reached skill level 1 in Invocations
  5431 | D:5      | Entered Level 5 of the Dungeon
  5509 | D:5      | Reached skill level 2 in Invocations
  6018 | D:5      | Gained mutation: You are clumsy. (Dex -2) [potion of mutation]
  6018 | D:5      | Lost mutation: You are clumsy. (Dex -2) [potion of mutation]
  6018 | D:5      | Gained mutation: Your mind is acute. (Int +2) [potion of mutation]
  6019 | D:5      | Lost mutation: Your mind is acute. (Int +2) [potion of cure mutation]
  6026 | D:5      | Reached skill level 6 in Fighting
  6090 | D:4      | Noticed a phantom
  6208 | D:5      | Reached XP level 7. HP: 69/69 MP: 11/11
  6304 | D:6      | Reached skill level 3 in Invocations
  6568 | D:6      | Reached skill level 1 in Short Blades
  6973 | D:5      | Reached skill level 2 in Short Blades
  7036 | D:5      | Got an ancient ring mail
  7050 | D:5      | Identified the cursed +0 ring mail of Spite {rF+++ rC- Int+4 Dex-4} (You found it on level 5 of the Dungeon)
  7215 | D:5      | Slain by a killer bee

Table legend:
 A = Turns spent in this place as a percentage of turns spent in the entire game.
 B = Non-inter-level travel turns spent in this place as a percentage of non-inter-level travel turns spent in the entire game.
 C = Inter-level travel turns spent in this place as a percentage of turns spent in this place.
 D = Turns resting spent in this place as a percentage of non-inter-level travel turns spent in this place.
 E = Turns spent auto-exploring this place as a percentage of non-inter-level travel turns spent in this place.
 F = Non-inter-level travel turns spent in this place divided by the number of levels of this place that you've seen.
                   A       B       C       D       E      F
               +-------+-------+-------+-------+-------+----------------------
         Total | 100.0 | 100.0 |   0.2 |   5.8 |   4.7 | 358.0
       Dungeon | 100.0 | 100.0 |   0.2 |   5.8 |   4.7 | 358.0
               +-------+-------+-------+-------+-------+----------------------

Table legend:
 A = Kills in this place as a percentage of kills in entire the game.
 B = Kills by you in this place as a percentage of kills by you in the entire game.
 C = Kills by friends in this place as a percentage of kills by friends in the entire game.
 D = Other kills in this place as a percentage of other kills in the entire game.
 E = Experience gained in this place as a percentage of experience gained in the entire game.
 F = Experience gained in this place divided by the number of levels of this place that you have seen.
                   A       B       C       D       E      F
               +-------+-------+-------+-------+-------+----------------------
         Total | 100.0 | 100.0 |  -nan | 100.0 | 100.0 | 150.5
       Dungeon | 100.0 | 100.0 |  -nan | 100.0 | 100.0 | 150.5
               +-------+-------+-------+-------+-------+----------------------

Vanquished Creatures
  4 hounds
  An orc wizard (D:5)
  A giant frog skeleton (D:5)
  A killer bee zombie (D:6)
  8 adders
  4 gnolls
  A shadow imp (D:5)
  An ooze (D:1)
  4 worms (D:3)
  4 giant geckos
  4 orcs (D:4)
  13 bats
  9 giant cockroaches
  13 hobgoblins
  8 jackals
  3 quokkas
  A ball python (D:3)
  A giant gecko zombie (D:5)
  4 giant newts
  3 goblins
  13 kobolds
  9 rats
110 creatures vanquished.

Vanquished Creatures (others)
  2 sky beasts (D:5)
  A jelly (D:5)
  2 killer bees
  An orc priest (D:6)
6 creatures vanquished.

Grand Total: 116 creatures vanquished
